 Dungeon Crawl Stone Soup version 0.28-a0-751-gef3a642a4e (webtiles) character file.

Game seed: 6643352262296232954

515 Woods the Magician (level 7, -2/47 HPs)
             Began as a Djinni Ice Elementalist on Oct 30, 2021.
             Slain by a black bear (6 damage)
             ... on level 4 of the Dungeon.
             The game lasted 00:07:20 (5446 turns).

Woods the Magician (Djinni Ice Elementalist)        Turns: 5446, Time: 00:07:21

Health: -2/47      AC:  2    Str:  7    XL:     7   Next: 44%
Gold:   94         EV: 13    Int: 19    God:
                   SH:  0    Dex: 13

rFire   + + .      SeeInvis .   (no weapon)
rCold   x . .      Faith    .   (no shield)
rNeg    . . .      Spirit   .   a - +0 robe
rPois   ∞          Reflect  .   (no helmet)
rElec   .          Harm     .   (no cloak)
rCorr   .          Rampage  .   (no gloves)
Will    .....                   (boots unavailable)
Stlth   ++........              (no amulet)
HPRegen 0.15/turn               (no ring)
MPRegen 0.00/turn               (no ring)

@: flying
A: sickness immunity, fire resistance 2, cold vulnerability 1, float, innate
caster, hp casting, extra vitality 1
a: no special abilities


You were on level 4 of the Dungeon.
You visited 1 branch of the dungeon, and saw 4 of its levels.

You collected 94 gold pieces.

Inventory:

Armour
 a - a +0 robe (worn)
Jewellery
 h - a +6 ring of strength
Wands
 i - a wand of flame (28)
Scrolls
 b - 4 scrolls of identify {unknown}
 d - 2 scrolls of vulnerability {unknown}
 f - 2 scrolls of enchant weapon {unknown}
 j - a scroll of blinking {unknown}
 l - a scroll of holy word {unknown}
 m - a scroll of teleportation {unknown}
Potions
 c - a potion of ambrosia {unknown}
 e - a potion of invisibility {unknown}
 g - a potion of haste {unknown}
 k - a potion of curing {unknown}
 n - a potion of berserk rage {unknown}
 o - a potion of heal wounds {unknown}


   Skills:
 + Level 1.6 Fighting
 + Level 3.1 Dodging
 + Level 2.3 Stealth
 - Level 6.0 Spellcasting


You had 2 spell levels left.
You knew the following spells:

 Your Spells              Type           Power      Damage    Failure   Level
a - Freeze                Ice            100%       1d11      1%          1
b - Frozen Ramparts       Ice            56%        1d7       2%          3
c - Ozocubu's Armour      Ice            28%        N/A       2%          3
d - Hailstorm             Conj/Ice       28%        3d8       10%         4
e - Summon Small Mammal   Summ           100%       N/A       1%          1
f - Call Imp              Summ           28%        N/A       1%          2
g - Scorch                Fire           56%        2d8       1%          2
Your spell library was empty.

Dungeon Overview and Level Annotations

Branches:
Dungeon (4/15)
 Temple: D:4-7

Altars:
Sif Muna


Innate Abilities, Weirdness & Mutations

You are immune to sickness and miasma.
You are immune to poison.
Your flesh is very heat resistant. (rF++)
You are vulnerable to cold. (rC-)
You float through the air rather than walking.
You learn spells naturally, not from books.
Your magical power is your life essence.
You have superior vitality. (+4 HP)


Message History

You see here a +0 dagger.
You see here a +0 dagger.
Found a quarterstaff.
Found a stone staircase leading down.
You see here 12 stones.
f - 2 scrolls labelled SUHUSIU AGRARU (gained 1)
You reach down and open the door.
There is an open door here.
Things that are here:
a +0 club; a ball python corpse You reach down and open the door.
Found a dagger.
There is an open door here.
You reach down and open the door.
A black bear comes into view.
Found 7 gold pieces.
Found a stone staircase leading up.
Casting: Scorch (safe; 1% risk of failure)
Confirm with . or Enter, or press ? or * to list all spells.
Flames lash the black bear.
The black bear growls angrily.
The black bear is heavily wounded.
The black bear's fire resistance burns away.
Casting: Scorch (safe; 1% risk of failure)
Confirm with . or Enter, or press ? or * to list all spells.
Flames lash the black bear.
The black bear is burned terribly!
The black bear is severely wounded.
The black bear goes berserk!
Casting: Scorch (safe; 1% risk of failure)
Confirm with . or Enter, or press ? or * to list all spells.
Flames lash the black bear.
The black bear is burned terribly!
The black bear is almost dead.
The black bear bites you. The black bear closely misses you. x2
Casting: Scorch (safe; 1% risk of failure)
Confirm with . or Enter, or press ? or * to list all spells.
Flames lash the black bear.
The black bear is burned terribly!
The black bear is almost dead.
The black bear bites you! The black bear closely misses you.
The black bear claws you. The black bear bites you!
* * * LOW HITPOINT WARNING * * *
The black bear claws you.
You die...

#.#.#. #=#.## #.#...
#.#### #.#... #.#.##
##### #.....
#.....################.#
+.....h@................
#..$..################.#
##..< #.... #.# #.#.# #
#.#.# #.#.# #.#.# ##.#.#
#.....


You could see a black bear (berserk, combustible).

Vanquished Creatures
  An ogre (D:3)
  A scorpion (D:4)
  2 hounds (D:4)
  A jelly (D:4)
  2 orc wizards (D:3)
  Robin (D:2)
  3 gnolls (D:3)
  5 adders
  3 worms
  5 ball pythons
  5 endoplasms
  12 goblins
  7 hobgoblins
  10 jackals
  4 quokkas
  4 bats
  6 frilled lizards
  8 kobolds
  8 rats
88 creatures vanquished.

Vanquished Creatures (collateral kills)
  A water moccasin zombie (D:3)
  A gnoll (D:3)
  An endoplasm (D:3)
  A frilled lizard (D:3)
4 creatures vanquished.

Grand Total: 92 creatures vanquished

Notes
Turn   | Place    | Note
-------+----------+-------------------------------------------
     0 | D:1      | Woods the Djinni Ice Elementalist began the quest for the
                  | Orb.
     0 | D:1      | Reached XP level 1. HP: 15/15 MP: 0/0
   412 | D:1      | Reached XP level 2. HP: 16/21 MP: 0/0
   913 | D:1      | Found a faded altar of an unknown god.
  1637 | D:2      | Reached XP level 3. HP: 17/25 MP: 0/0
  1637 | D:2      | Learned a level 1 spell: Summon Small Mammal
  1915 | D:2      | Reached skill level 4 in Spellcasting
  2312 | D:2      | Noticed Robin
  2319 | D:2      | Killed Robin
  2320 | D:2      | Reached XP level 4. HP: 22/31 MP: 0/0
  3048 | D:3      | Reached XP level 5. HP: 29/35 MP: 0/0
  3048 | D:3      | Learned a level 2 spell: Call Imp
  3577 | D:3      | Noticed an ogre
  3584 | D:3      | Killed an ogre
  3585 | D:3      | Reached skill level 5 in Spellcasting
  3585 | D:3      | Reached XP level 6. HP: 34/40 MP: 0/0
  4512 | D:3      | Reached skill level 6 in Spellcasting
  4616 | D:3      | Got Sif Muna's Catalogue of Bewitchment
  4913 | D:4      | Reached XP level 7. HP: 43/46 MP: 0/0
  4913 | D:4      | Learned a level 2 spell: Scorch
  4947 | D:4      | Reached skill level 1 in Fighting
  5446 | D:4      | Slain by a black bear

Illustrated notes

Levels and vault maps discovered:
D:1:      eino_arrival_water_star, layout_basic, ebering_ecumenical_altar_mist,
          minmay_misc_feat_plants
D:2:      layout_loops_ring, basic_altar, kennysheep_cross_bottleneck,
          minmay_surrounded, uniq_robin
D:3:      layout_loops_corners, led_sif_book
D:4:      layout_basic

Skill      XL: |  1  2  3  4  5  6  7 |
---------------+----------------------+-----
Spellcasting   | 4 5 6 |  6.0
Fighting       | 1 |  1.6
Stealth        | 2 |  2.3
Dodging        | 3 |  3.1

Action                   |  1- 3 |  4- 6 |  7- 9 || total
-------------------------+-------+-------+-------++-------
Melee: Unarmed           |    11 |    13 |     1 ||    25
 Cast: Freeze            |    51 |    41 |     2 ||    94
       Frozen Ramparts   |     3 |    13 |     3 ||    19
       Call Imp          |       |     7 |       ||     7
       Summon Small Mamm |       |     8 |       ||     8
       Ozocubu's Armour  |       |     2 |       ||     2
       Scorch            |       |       |    15 ||    15
 Stab: Sleeping          |       |     1 |       ||     1
Armor: Robe              |    13 |    11 |     1 ||    25
Dodge: Dodged            |    26 |    31 |     9 ||    66

Table legend: (Time is in decaauts)
 A = Elapsed time spent in this place.
 B = Non-inter-level travel time spent in this place.
 C = Inter-level travel time spent in this place.
 D = Time resting spent in this place.
 E = Time spent auto-exploring this place.
 F = Levels seen in this place.
 G = Mean time per level.
                   A        B        C        D        E       F      G
               +--------+--------+--------+--------+--------+-----+--------+
         Total |   5446 |   5387 |     59 |    750 |   3953 |   4 | 1361.5 |
       Dungeon |   5446 |   5387 |     59 |    750 |   3953 |   4 | 1361.5 |
               +--------+--------+--------+--------+--------+-----+--------+

Top non-repeatable levels by time:
     D:3: 1945 daAuts
     D:2: 1640 daAuts
     D:1: 1248 daAuts
     D:4: 611 daAuts
